 Dungeon Crawl Stone Soup version 0.30-a0-458-g86641cc369 (webtiles) character file.

Game seed: 7149242556939057900

263 cforsyth the Ruffian (level 5, 0/53 HPs)
             Began as a Troll Fighter on Dec 14, 2022.
             Slain by a gnoll
             ... wielding a +0 spear
              (6 damage)
             ... on level 3 of the Dungeon.
             The game lasted 00:03:15 (1883 turns).

cforsyth the Ruffian (Troll Fighter)                Turns: 1883, Time: 00:03:16

Health: 0/53       AC:  4    Str: 24    XL:     5   Next: 98%
Magic:  4/4        EV:  8    Int:  6    God:
Gold:   133        SH:  7    Dex:  9    Spells: 4/4 levels left

rFire   . . .      SeeInvis +      - Unarmed
rCold   . . .      Faith    .    b - +0 kite shield
rNeg    . . .      Spirit   .    a - +0 robe
rPois   .          Reflect  .    (helmet restricted)
rElec   .          Harm     .    (no cloak)
rCorr   .          Rampage  .    (gloves unavailable)
Will    .....                    (boots unavailable)
Stlth   +.........               (no amulet)
HPRegen 1.08/turn                o - ring of see invisible
MPRegen 0.09/turn                (no ring)

@: no status effects
A: large, unfitting armour, claws 3, regeneration 1, shaggy fur 1, tough skin 1
a: no special abilities


You were on level 3 of the Dungeon.
You visited 1 branch of the dungeon, and saw 3 of its levels.

You collected 133 gold pieces.

Inventory:

Armour
 a - a +0 robe (worn)
 b - a +0 kite shield (worn)
Jewellery
 o - a ring of see invisible (left claw)
Wands
 n - a wand of paralysis (9)
Scrolls
 d - 2 scrolls of fear {unknown}
 f - 3 scrolls of identify {unknown}
 g - a scroll of fog {unknown}
 i - 2 scrolls of enchant weapon {unknown}
 k - a scroll of poison {unknown}
 p - 3 scrolls of brand weapon {unknown}
 q - a scroll of teleportation {unknown}
Potions
 c - 2 potions of might
 e - a potion of heal wounds {unknown}
 h - a potion of attraction {unknown}
 j - a potion of curing {unknown}
 l - a potion of resistance {unknown}
 m - a potion of cancellation {unknown}


   Skills:
 + Level 3.4 Fighting
 - Level 2.4 Dodging
 + Level 3.8 Shields
 * Level 4.6 Unarmed Combat


You had 4 spell levels left.
You didn't know any spells.
Your spell library contained the following spells:

 Spells                   Type           Power      Damage    Failure   Level
 Blink                    Tloc           0%         N/A       87%         2
 Ensorcelled Hibernation  Hex/Ice        0%         N/A       87%         2
 Passwall                 Tmut/Erth      0%         N/A       87%         2
 Static Discharge         Conj/Air       0%         2-2/arc   87%         2
 Sublimation of Blood     Necr           0%         N/A       87%         2
 Wereblood                Tmut           0%         N/A       87%         2
 Swiftness                Air            0%         N/A       98%         3
 Summon Hydra             Summ           0%         N/A       100%        7


Dungeon Overview and Level Annotations

Branches:
Dungeon (3/15)

Altars:

Shops:
D:1 =

Annotations:
D:3 1 runed translucent door


Innate Abilities, Weirdness & Mutations

You are too large for most types of armour.
You have claws for hands.
Your natural rate of healing is unusually fast.
You are covered in fur. (AC +1)
You have tough skin. (AC +1)


Message History

The gnoll is moderately wounded.
The gnoll barely misses you.
The gnoll hits you from afar with a +0 spear.
You scratch the gnoll but do no damage.
The gnoll is moderately wounded.
The gnoll closely misses you.
The gnoll hits you from afar with a +0 spear.
You claw the gnoll!
The gnoll is almost dead.
The gnoll closely misses you. The gnoll hits you with a +0 flail.
You completely miss the gnoll.
The gnoll is almost dead.
The gnoll barely misses you. You block the gnoll's attack.
You claw the gnoll!
You kill the gnoll!
The gnoll hits you from afar with a +0 spear.
The gnoll closely misses you. The gnoll hits you with a +0 spear. x2
Items here: $ )))) ††.
You claw the gnoll!
The gnoll is almost dead.
You block the gnoll's attack. The gnoll hits you with a +0 spear.
You scratch the gnoll but do no damage.
The gnoll is almost dead.
You block the gnoll's attack. The gnoll closely misses you.
You barely miss the gnoll.
The gnoll is almost dead.
You block the gnoll's attack. The gnoll barely misses you.
You scratch the gnoll but do no damage.
The gnoll is almost dead.
The gnoll hits you with a +0 spear. The gnoll hits you with a +0 spear!
* * * LOW HITPOINT WARNING * * *
You closely miss the gnoll.
The gnoll is almost dead.
You block the gnoll's attack. The gnoll hits you but does no damage.
Unknown command.
The gnoll attacks as you move away! The gnoll hits you with a +0 spear!
* * * LOW HITPOINT WARNING * * *
The gnoll hits you from afar with a +0 spear.
You die...

#.... ......#.########
...............##.
#.#.#............. ##
###.#............# !.#
....# #..........# ...#
....## #.....## ##..#
..g..###.#...)####....#
.........#.#.wg)@....#
...#g#####...)g###.......
..##...###..#..## ..!....
## ###..........# .......
.......#.##..............
########.###.>..#..(>....
####..# #....#........ #
#....#................
.###......###..........


You could see a worm and 2 gnolls.

Vanquished Creatures
  2 orc priests (D:3)
  An orc wizard (D:2)
  Robin (D:2)
  6 gnolls
  2 adders
  A worm (D:3)
  2 dart slugs
  6 orcs
  6 ball pythons
  6 endoplasms
  2 giant cockroaches (D:1)
  14 goblins
  9 hobgoblins
  2 jackals (D:1)
  5 kobolds
  A quokka (D:1)
  12 bats
  A frilled lizard (D:1)
  3 rats
82 creatures vanquished.

Notes
Turn   | Place    | Note
-------+----------+-------------------------------------------
     0 | D:1      | cforsyth the Troll Fighter began the quest for the Orb.
     0 | D:1      | Reached XP level 1. HP: 22/22 MP: 0/0
   107 | D:1      | Reached XP level 2. HP: 29/29 MP: 1/1
   194 | D:1      | Found Hiofobaxo's Jewellery Boutique.
   408 | D:1      | Reached XP level 3. HP: 36/36 MP: 2/2
   703 | D:2      | Reached skill level 3 in Unarmed Combat
   750 | D:2      | Reached XP level 4. HP: 44/44 MP: 3/3
   966 | D:2      | Got the Parchment of Harmful Superposition
  1043 | D:2      | Noticed Robin
  1137 | D:2      | Killed Robin
  1367 | D:3      | Noticed a bullfrog
  1367 | D:3      | Found a runed translucent door.
  1371 | D:3      | Reached XP level 5. HP: 51/53 MP: 4/4
  1395 | D:3      | Reached skill level 4 in Unarmed Combat
  1883 | D:3      | Slain by a gnoll

Illustrated notes

Levels and vault maps discovered:
D:1:      scummos_arrival_star, layout_loops_ring, serial_shops,
          nicolae_shop_hallway_stairs
D:2:      layout_rooms, hangedman_decor_diamond_cutter, uniq_robin
D:3:      layout_rooms, ebering_ghost_sewer_d, chequers_serial_rivers_micro_e

Skill      XL: |  1  2  3  4  5 |
---------------+----------------+-----
Shields        | 3 |  3.8
Unarmed Combat | 3 4 |  4.6
Fighting       | 3 |  3.4
Dodging        | |  2.4

Action                   |  1- 3 |  4- 6 || total
-------------------------+-------+-------++-------
Melee: Unarmed           |    96 |   125 ||   221
Armor: Robe              |    27 |    44 ||    71
Dodge: Dodged            |    45 |    55 ||   100
Block: Kite shield       |    38 |    51 ||    89

Table legend: (Time is in decaauts)
 A = Elapsed time spent in this place.
 B = Non-inter-level travel time spent in this place.
 C = Inter-level travel time spent in this place.
 D = Time resting spent in this place.
 E = Time spent auto-exploring this place.
 F = Levels seen in this place.
 G = Mean time per level.
                   A        B        C        D        E       F      G
               +--------+--------+--------+--------+--------+-----+--------+
         Total |   1905 |   1878 |     27 |    316 |    999 |   3 |  635.0 |
       Dungeon |   1905 |   1878 |     27 |    316 |    999 |   3 |  635.0 |
               +--------+--------+--------+--------+--------+-----+--------+

Top non-repeatable levels by time:
     D:2: 985 daAuts
     D:1: 704 daAuts
     D:3: 216 daAuts
